 Dungeon Crawl Stone Soup version 0.31-a0-188-g5e087ee2ca (webtiles) character file.

Game seed: 10213850437551777477

11669 tilp the Covert (level 11, -7/84 HPs)
             Began as a Vampire Enchanter on June 23, 2023.
             Was a High Priest of Wu Jian.
             Mangled by a sun demon (16 damage)
             ... on level 11 of the Dungeon.
             The game lasted 00:23:27 (12092 turns).

tilp the Covert (Vampire Enchanter)                Turns: 12092, Time: 00:23:27

Health: -7/84      AC: 12    Str:  7    XL:     11   Next: 52%
Magic:  13/20      EV: 13    Int: 22    God:    Wu Jian [*****.]
Gold:   683        SH:  0    Dex: 15    Spells: 3/23 levels left

rFire   . . .        a - +2 dagger (freeze)
rCold   . . .        (no shield)
rNeg    . . .        A - +3 leather armour {Will+}
rPois   +            t - +1 helmet
rElec   .            (no cloak)
rCorr   .            (no gloves)
SInv    +            (no boots)
Will    ++...        (no amulet)
Stlth   +++++        i - +4 ring of protection
HPRegen 0.54/turn    y - ring of poison resistance
MPRegen 0.17/turn

%: no passive effects
@: confusing by touch, about to teleport, healing quickly
A: alive, fangs 3, see invisible, vampiric 2
a: Exsanguinate, Renounce Religion, Wall Jump, Serpent's Lash, Heavenly Storm


You were on level 11 of the Dungeon.
You worshipped Wu Jian.
Wu Jian was extremely pleased with you.
You visited 2 branches of the dungeon, and saw 12 of its levels.

You collected 683 gold pieces.

Inventory:

Hand Weapons
 a - a +2 dagger of freezing (weapon)
 b - a +1 vampiric dagger
 x - a +2 dagger of protection
Missiles
 l - 11 poisoned darts (quivered)
 n - 18 boomerangs
 C - 2 javelins
Armour
 j - a +0 robe
 k - +0 steam dragon scales
 t - a +1 helmet (worn)
 A - a +3 leather armour of willpower (worn)
Magical Staves
 d - a staff of poison
 s - a staff of cold
 I - a staff of air
Jewellery
 i - a +4 ring of protection (left hand)
 m - an amulet of faith
 y - a ring of poison resistance (right hand)
Wands
 r - a wand of paralysis (7)
 v - a wand of light (7)
 z - a wand of polymorph (8)
 B - a wand of mindburst (5)
 F - a wand of flame (8)
Scrolls
 e - 3 scrolls of teleportation
Potions
 c - 2 potions of invisibility
 f - 3 potions of heal wounds
 g - a potion of brilliance
 h - 2 potions of attraction
 o - 5 potions of curing
 p - 2 potions of berserk rage
 q - 3 potions of enlightenment
 u - 2 potions of mutation
 w - a potion of lignification {unknown}
 D - 4 potions of might
 E - a potion of ambrosia {unknown}


   Skills:
 * Level 7.3 Fighting
 - Level 10.0 Short Blades
 + Level 5.3 Dodging
 + Level 11.1 Stealth
 * Level 6.6 Spellcasting
 - Level 2.0 Conjurations
 * Level 10.4 Hexes
 + Level 3.3 Transmutations
 - Level 2.0 Ice Magic
 + Level 3.4 Evocations


You had 3 spell levels left.
You knew the following spells:

 Your Spells              Type           Power      Damage    Failure   Level
a - Ensorcelled Hibernat  Hex/Ice        68%        N/A       1%          2
b - Confusing Touch       Hex            52%        N/A       1%          3
c - Tukima's Dance        Hex            52%        N/A       1%          3
d - Dazzling Flash        Conj/Hex       68%        N/A       3%          3
e - Yara's Violent Unrav  Hex/Tmut       18%        3d9       22%         5
f - Fulminant Prism       Conj/Hex       17%        3d11      10%         4

Your spell library contained the following spells:

 Spells                   Type           Power      Damage    Failure   Level
 Inner Flame              Hex/Fire       30%        N/A       4%          3
 Poisonous Vapours        Pois/Air       14%        N/A       21%         2
 Mephitic Cloud           Conj/Pois/Air  10%        N/A       30%         3
 Volatile Blastmotes      Fire/Tloc      14%        2d11      36%         3
 Cause Fear               Hex            26%        N/A       1%          4
 Iskenderun's Mystic Bla  Conj/Tloc      11%        2d4       65%         4
 Enfeeble                 Hex            26%        N/A       83%         7
 Freezing Cloud           Conj/Ice/Air   6%         6-21      91%         5
 Lee's Rapid Deconstruct  Erth           3%         3d5*      98%         5
 Dragon Form              Tmut           10%        N/A       100%        7
 Dragon's Call            Summ           3%         N/A       100%        9


Dungeon Overview and Level Annotations

Branches:
Dungeon (11/15)            Temple (1/1) D:4            Lair (0/5) D:8
    Orc (0/2) D:9

Altars:
Ashenzari
Cheibriados
Dithmenos
Fedhas
Gozag
Hepliaklqana
Kikubaaqudgha
Makhleb
Nemelex Xobeh
Okawaru
Qazlal
Ru
Sif Muna
Trog
Uskayaw
Vehumet
Wu Jian
Yredelemnul
Lugonu

Shops:
D:7 =   D:11 :

Annotations:
D:7 dig shop
D:8 2 transporters, Yorgos's ghost, novice DsGl


Innate Abilities, Weirdness & Mutations

Your natural rate of healing is accelerated.
You have razor-sharp teeth.
You have supernaturally acute eyesight. (SInv)
You are afflicted with vampirism and can become a bat while bloodless.


Message History

You completely miss the sun demon.
You bite the sun demon, but do no damage.
The sun demon is lightly wounded.
The sun demon closely misses you.
You strike the helpless sun demon from behind!
You impale the sun demon!! You freeze the sun demon.
You bite the sun demon, but do no damage.
The sun demon is severely wounded.
You barely miss the sun demon.
The sun demon is severely wounded.
The sun demon barely misses you.
You hit the sun demon but do no damage.
The sun demon is severely wounded.
You hit the sun demon but do no damage.
You bite the sun demon, but do no damage.
The sun demon is severely wounded.
The sun demon closely misses the sun demon.
The soul eater draws from the surrounding life force!
Unknown command.
You catch the helpless sun demon completely off-guard!
You impale the sun demon!! You freeze the sun demon.
You kill the sun demon!
The Council accepts your kill.
Unknown command.
Casting: Dazzling Flash (mildly dangerous; 3% risk of failure)
Confirm with . or Enter, or press ? or * to list all spells.
Your hands begin to glow red.
The sun demon misses you.
Unknown command.
You hit the sun demon but do no damage. You hit the sun demon but do no damage.
The orange demon is no longer blind.
The sun demon hits you.
You are engulfed in flames!!
* * * LOW HITPOINT WARNING * * *
You hit the sun demon but do no damage. Your bite misses the sun demon.
The sun demon closely misses you.
Unknown command.
As you read the scroll of teleportation, it crumbles to dust.
You feel strangely unstable. The sun demon hits you!
* * * LOW HITPOINT WARNING * * *
You are engulfed in flames!
You die...

#.......### #......
#.......# #......
#.....5## ##......
#......## ##..#....
#.......## #..##..^.
#.....#..###.....++'
#.....##......##.'∩'
###.##.......###.++'
#@##.......# ###..
#3##.......# #..
#####3###.###### #..
#l..l4##.. #..
#....4#5##.# #..
#.......).. ###
#..∩........
#...........>.
#.............


You could see a soul eater, a sun demon, an orange demon, a wyvern and 2
quasits.

Vanquished Creatures
  A sun demon (D:11)
  A sixfirhy (D:11)
  A smoke demon (D:11)
  A komodo dragon (D:11)
  3 meliai (D:10)
  A hellwing (D:11)
  A troll (D:9)
  Prince Ribbit (D:8)
  A hornet (D:9)
  15 yaks
  A vampire (D:11)
  Eustachio (D:6)
  Grum (D:9)
  The ghost of Koushar the Ducker, an amateur FeTm (D:5)
  2 steam dragons
  Menkaure (D:5)
  A sky beast (D:7)
  5 orc warriors
  2 black bears
  An ogre (D:7)
  An ice beast (D:6)
  3 wolves (D:9)
  7 centaurs
  3 bullfrogs
  2 gnoll sergeants
  A scorpion (D:5)
  12 wights
  5 killer bees (D:10)
  9 howler monkeys
  3 centaur zombies (D:9)
  A quasit (D:5)
  2 gnoll boudas (D:6)
  2 jellies
  6 orc priests
  2 hounds
  2 sleepcaps
  An iguana (D:6)
  15 orc wizards
  A howler monkey zombie (D:9)
  15 gnolls
  2 river rats (D:5)
  10 adders
  A white imp (D:6)
  3 worms
  2 dart slugs
  33 orcs
  6 endoplasms
  5 giant cockroaches
  13 goblins
  4 hobgoblins
  6 jackals (D:1)
  4 quokkas
  8 ball pythons
  4 bats
  4 frilled lizards
  A goblin skeleton (D:5)
  2 goblin zombies (D:5)
  2 hobgoblin zombies (D:5)
  8 kobolds
  2 kobold skeletons (D:5)
  A kobold zombie (D:5)
  2 orc zombies (D:5)
  4 rats
262 creatures vanquished.

Vanquished Creatures (collateral kills)
  A two-headed ogre (D:10)
  6 wights
  5 gnolls (D:6)
12 creatures vanquished.

Vanquished Creatures (others)
  7 dancing weapons
7 creatures vanquished.

Grand Total: 281 creatures vanquished

Notes
Turn   | Place    | Note
-------+----------+-------------------------------------------
     0 | D:1      | tilp the Vampire Enchanter began the quest for the Orb.
     0 | D:1      | Reached XP level 1. HP: 13/13 MP: 3/3
   140 | D:1      | Reached XP level 2. HP: 17/20 MP: 5/5
   143 | D:1      | Learned a level 2 spell: Ensorcelled Hibernation
   885 | D:1      | Reached skill level 1 in Fighting
  1105 | D:1      | Gained mutation: You are afflicted with vampirism and can
                  | become a bat while bloodless. [Vampire growth]
  1105 | D:1      | Reached XP level 3. HP: 25/26 MP: 3/6
  1377 | D:2      | Learned a level 3 spell: Confusing Touch
  1430 | D:2      | Found a faded altar of an unknown god.
  1584 | D:2      | Reached XP level 4. HP: 32/32 MP: 0/7
  1688 | D:2      | Learned a level 3 spell: Tukima's Dance
  3068 | D:3      | Noticed a bullfrog
  3073 | D:3      | Killed a bullfrog
  3074 | D:3      | Reached skill level 5 in Stealth
  3074 | D:3      | Reached skill level 5 in Hexes
  3074 | D:3      | Reached XP level 5. HP: 34/38 MP: 3/9
  3323 | D:4      | Noticed a black bear
  3365 | D:4      | Killed a black bear
  3366 | D:4      | Reached XP level 6. HP: 33/45 MP: 2/10
  3454 | D:4      | Found a staircase to the Ecumenical Temple.
  3463 | Temple   | Entered the Ecumenical Temple
  3498 | Temple   | Became a worshipper of the Wu Jian Council
  3881 | D:4      | Found a bloodstained altar of Trog.
  3883 | D:4      | Found a burning altar of Makhleb.
  4176 | D:5      | Entered Level 5 of the Dungeon
  4352 | D:5      | Found a runed translucent door.
  4355 | D:5      | Noticed Koushar's ghost (amateur FeTm)
  4629 | D:5      | Noticed Menkaure
  4656 | D:5      | Killed Menkaure
  4657 | D:5      | Reached XP level 7. HP: 31/52 MP: 9/12
  4661 | D:5      | Learned a level 3 spell: Dazzling Flash
  4773 | D:5      | Found a runed translucent door.
  4783 | D:5      | Reached * piety under Wu Jian
  5197 | D:5      | Reached skill level 6 in Stealth
  5199 | D:5      | Killed Koushar's ghost
  5549 | D:6      | Reached XP level 8. HP: 60/60 MP: 11/14
  5651 | D:6      | Upgraded the game from 0.31-a0-187-gba352fbbf7 to
                  | 0.31-a0-188-g5e087ee2ca
  5728 | D:6      | Reached skill level 5 in Short Blades
  5729 | D:6      | Reached skill level 1 in Evocations
  6201 | D:6      | Reached skill level 7 in Stealth
  6296 | D:6      | Noticed Eustachio
  6394 | D:6      | Reached ** piety under Wu Jian
  6530 | D:6      | Found a shimmering blue altar of Sif Muna.
  6662 | D:6      | Found a sacrificial altar of Ru.
  6668 | D:6      | Reached skill level 5 in Spellcasting
  6944 | D:6      | Reached skill level 5 in Fighting
  6944 | D:6      | Reached XP level 9. HP: 65/68 MP: 11/16
  7037 | D:6      | Found a snail-covered altar of Cheibriados.
  7393 | D:6      | Killed Eustachio
  7533 | D:7      | Reached skill level 8 in Stealth
  7622 | D:7      | Found a shadowy altar of Dithmenos.
  7786 | D:7      | Found Gischuuch's Jewellery Shoppe.
  8238 | D:7      | Found an opulent altar of Gozag.
  8239 | D:7      | Found a sparkling altar of Nemelex Xobeh.
  8384 | D:8      | Found a staircase to the Lair.
  8405 | D:8      | Reached skill level 9 in Stealth
  8411 | D:8      | Noticed Prince Ribbit
  8723 | D:8      | Noticed Yorgos's ghost (novice DsGl)
  8783 | D:8      | Killed Prince Ribbit
  8783 | D:8      | Reached *** piety under Wu Jian
  8786 | D:8      | Reached skill level 10 in Stealth
  8796 | D:8      | Reached XP level 10. HP: 60/76 MP: 1/17
  8862 | D:8      | Noticed a moth of wrath
  8920 | D:8      | Found a transporter.
  8940 | D:8      | Found a transporter.
  9224 | D:8      | Found an ancient bone altar of Kikubaaqudgha.
  9360 | D:9      | Reached skill level 10 in Short Blades
  9366 | D:9      | Learned a level 5 spell: Yara's Violent Unravelling
  9593 | D:9      | Reached skill level 1 in Conjurations
  9621 | D:9      | Reached skill level 1 in Transmutations
  9621 | D:9      | Reached skill level 1 in Ice Magic
  9802 | D:9      | Reached **** piety under Wu Jian
  9925 | D:9      | Noticed Grum
  9932 | D:9      | Killed Grum
 10016 | D:9      | Found a staircase to the Orcish Mines.
 10690 | D:10     | Entered Level 10 of the Dungeon
 10770 | D:10     | Reached XP level 11. HP: 69/83 MP: 1/19
 11171 | D:10     | Noticed a two-headed ogre
 11179 | D:10     | Killed a two-headed ogre
 11249 | D:10     | Learned a level 4 spell: Fulminant Prism
 11481 | D:10     | Found a basalt altar of Yredelemnul.
 11649 | D:11     | Reached skill level 5 in Dodging
 11776 | D:11     | Reached skill level 10 in Hexes
 11949 | D:11     | Noticed a sixfirhy
 11964 | D:11     | Killed a sixfirhy
 12001 | D:11     | Found Zadal's Book Boutique.
 12002 | D:11     | Reached skill level 11 in Stealth
 12044 | D:11     | Reached ***** piety under Wu Jian
 12059 | D:11     | Noticed a sun demon
 12060 | D:11     | Noticed a soul eater
 12060 | D:11     | Noticed a sun demon
 12087 | D:11     | Killed a sun demon
 12092 | D:11     | Mangled by a sun demon

Illustrated notes

Levels and vault maps discovered:
D:1:      kennysheep_arrival_seaside, layout_basic
D:2:      layout_basic, hellmonk_ecumenical_altar_slurped_away,
          reono_crystal_passage
D:3:      layout_rooms, serial_co_window_serial, co_window_paths_a,
          co_window_of_opportunity_a, co_window_paths_a, co_window_corner_a,
          co_window_paths_a, co_window_of_opportunity_b, co_window_corner_cb,
          co_window_paths_c, co_window_broadway_a, grunt_decor_fettered
D:4:      layout_gridville, mainiacjoe_overflow_catwalk_spiral,
          minmay_temple_entry_poolview
D:5:      layout_basic, nicolae_tso_besieged_by_evil, ebering_ghost_sewer_f,
          uniq_menkaure
D:6:      wander_river, layout_basic, mainiacjoe_overflow_concentric_impassable,
          kennysheep_orc_sif_temple, nicolae_ru_path_of_blood,
          minmay_crossroads, uniq_eustachio
D:7:      layout_rooms, grunt_temple_overflow_opulence,
          mainiacjoe_overflow_cross_hatched, serial_shops,
          nicolae_shop_statue_plus
D:8:      nicolae_hitomezashi [nicolae_hito_row, nicolae_hito_row,
          nicolae_hito_row, nicolae_hito_row, nicolae_hito_row,
          nicolae_hito_row, nicolae_hito_row, nicolae_hito_row,
          nicolae_hito_row, nicolae_hito_row, nicolae_hito_row,
          nicolae_hito_row, nicolae_hito_row, nicolae_hito_row,
          nicolae_hito_row, nicolae_hito_row, nicolae_hito_row,
          nicolae_hito_row], layout_rooms, mainiacjoe_overflow_alcove_1,
          kiku_gazebo_garden_becter, lair_entry_dummy,
          gammafunk_ghost_berserking_beasts, uniq_prince_ribbit1
D:9:      layout_small_grid, hiddenorc1_lemuel, serial_undead, serial_undead_c,
          serial_undead_b, serial_undead_b, serial_undead_c, serial_undead_d,
          serial_undead_d, minivault_26, uniq_grum
D:10:     layout_basic, mainiacjoe_overflow_brackets,
          nicolae_overflow_hidden_temple
D:11:     layout_rooms, serial_demonic, serial_demonic_d, serial_demonic_b,
          serial_demonic_d, serial_demonic_d, serial_demonic_c,
          serial_demonic_b, serial_shops, nicolae_shop_tiny_real_fake_doors,
          elves_outpost_lemuel
Temple:   corrupted_temple

Skill      XL: |  1  2  3  4  5  6  7  8  9 10 11 |
---------------+----------------------------------+-----
Fighting       | 1 2 3 5 6 7 |  7.3
Short Blades   | 2 3 4 6 9 10 | 10.0
Stealth        | 5 6 7 10 11 | 11.1
Hexes          | 5 6 7 8 9 10 | 10.4
Dodging        | 3 4 5 |  5.3
Spellcasting   | 3 4 5 6 |  6.6
Evocations     | 2 3 |  3.4
Conjurations   | 2 |  2.0
Transmutations | 2 3 |  3.3
Ice Magic      | 1 2 |  2.0

Action                     |  1- 3 |  4- 6 |  7- 9 | 10-12 || total
---------------------------+-------+-------+-------+-------++-------
  Melee: Dagger            |    83 |    98 |   328 |   394 ||   903
         Bite              |     5 |     6 |    48 |    52 ||   111
         Punch             |     1 |       |     8 |     4 ||    13
         Unarmed           |       |       |    12 |       ||    12
  Throw: Boomerang         |       |       |     1 |       ||     1
   Cast: Ensorcelled Hiber |    17 |    34 |    69 |    73 ||   193
         Confusing Touch   |       |     1 |    13 |    10 ||    24
         Tukima's Dance    |       |       |    35 |     5 ||    40
         Dazzling Flash    |       |       |       |     2 ||     2
Ability: Lunge             |       |     4 |    26 |    22 ||    52
         Whirlwind         |       |       |    26 |     3 ||    29
  Evoke: Wand              |       |       |     3 |     7 ||    10
    Use: Scroll            |       |     3 |     9 |     8 ||    20
         Potion            |       |     2 |       |       ||     2
   Stab: Sleeping          |    18 |    37 |    41 |    51 ||   147
         Invisible         |       |     1 |     5 |     2 ||     8
         Confused          |       |       |    13 |     7 ||    20
         Held in net/web   |       |       |     1 |       ||     1
         Distracted        |       |       |     2 |     1 ||     3
 Armour: Robe              |    10 |    37 |    57 |       ||   104
         Leather armour    |       |       |    27 |   103 ||   130
  Dodge: Dodged            |    63 |    78 |   225 |   174 ||   540

Table legend: (Time is in decaauts)
 A = Elapsed time spent in this place.
 B = Non-inter-level travel time spent in this place.
 C = Inter-level travel time spent in this place.
 D = Time resting spent in this place.
 E = Time spent auto-exploring this place.
 F = Levels seen in this place.
 G = Mean time per level.
                   A        B        C        D        E       F      G
               +--------+--------+--------+--------+--------+-----+--------+
         Total |  11867 |  11490 |    377 |   1158 |   8096 |  12 |  988.9 |
       Dungeon |  11815 |  11462 |    353 |   1158 |   8075 |  11 | 1074.1 |
        Temple |     51 |     27 |     24 |      0 |     21 |   1 |   51.0 |
               +--------+--------+--------+--------+--------+-----+--------+

Top non-repeatable levels by time:
     D:6: 2010 daAuts
     D:1: 1332 daAuts
     D:5: 1314 daAuts
     D:9: 1289 daAuts
     D:2: 1154 daAuts
     D:7: 961 daAuts
     D:8: 850 daAuts
     D:3: 824 daAuts
    D:10: 819 daAuts
     D:4: 796 daAuts
    D:11: 460 daAuts
  Temple: 51 daAuts
